 Dungeon Crawl Stone Soup version 0.21.1-1-g345015f (webtiles) character file.

4 glosham the Charlatan (level 1, 0/17 HPs)
             Began as a Hill Orc Artificer on Apr 27, 2018.
             Slain by a quokka (3 damage)
             ... on level 2 of the Dungeon.
             The game lasted 00:02:03 (111 turns).

glosham the Charlatan (Hill Orc Artificer)           Turns: 111, Time: 00:02:04

Health: 0/17       AC:  3    Str: 14    XL:     1   Next: 60%
Magic:  3/3        EV: 11    Int: 11    God:
Gold:   0          SH:  0    Dex: 11    Spells: 0/0 levels left

rFire    . . .     SeeInvis .   a - +0 trident
rCold    . . .     Gourm    .   (no shield)
rNeg     . . .     Faith    .   g - +0 leather armour
rPois    .         Spirit   .   (no helmet)
rElec    .         Reflect  .   (no cloak)
rCorr    .         Harm     .   (no gloves)
MR       .....                  (no boots)
Stlth    +.........             (no amulet)
HPRegen  0.05/turn              (no ring)
MPRegen  0.08/turn              (no ring)

@: no status effects
A: no striking features
a: no special abilities


You were on level 2 of the Dungeon.
You were not hungry.

You visited 1 branch of the dungeon, and saw 2 of its levels.

Inventory:

Hand Weapons
 a - a +0 trident (weapon)
 b - a +0 short sword
Armour
 g - a +0 leather armour (worn)
Wands
 c - a wand of flame (15)
 d - a wand of enslavement (15)
 e - a wand of random effects (15)
Comestibles
 f - a ration


   Skills:
 * Level 2.0 Fighting
 - Level 1.0 Short Blades
 - Level 1.5 Dodging
 - Level 0.7 Stealth
 - Level 3.0 Evocations


You couldn't memorise any spells.
You didn't know any spells.

Dungeon Overview and Level Annotations

Branches:
Dungeon (2/15)

Altars:


Message History

The hobgoblin is almost dead.
The hobgoblin hits you with a club. x2
Attack whom?
Press: ? - help, Dir - move target cursor, f/p - hobgoblin
Aim: a hobgoblin, wielding a club (almost dead)
You reach to attack!
You puncture the hobgoblin!
You kill the hobgoblin!
Attack whom?
Press: ? - help, Dir - move target cursor, f - hobgoblin
Aim: a hobgoblin You reach to attack!
You closely miss the hobgoblin. The hobgoblin hits you.
You hit the hobgoblin but do no damage. The hobgoblin completely misses you.
You hit the hobgoblin.
The hobgoblin is moderately wounded.
The hobgoblin hits you.
You barely miss the hobgoblin.
The hobgoblin is moderately wounded.
The hobgoblin misses you. The hobgoblin barely misses you.
You barely miss the hobgoblin.
The hobgoblin is moderately wounded.
The hobgoblin hits you.
You puncture the hobgoblin!
You kill the hobgoblin!
Your Fighting skill increases to level 2!
You see here a hobgoblin corpse.
Things that are here:
a club; a hobgoblin corpse
Found a pair of gloves and a leather armour.
A frilled lizard comes into view.
The frilled lizard hisses angrily.
A quokka comes into view.
The quokka bites you but does no damage.
The frilled lizard barely misses you. The quokka closely misses you.
The quokka bites you. The quokka bites you.
* * * LOW HITPOINT WARNING * * *
The frilled lizard bites you but does no damage.
The frilled lizard barely misses you. The quokka bites you.
You die...

.............##
................
.............. #
..#........# ..
#.#........#
#.#.#........#
............[#
.#....l....#
#...@r...[#
#..######.# ##.#
### #.##
#.###..#######
..............#
##.#......###.#
#......# #.#
#......# #.#


You could see a quokka and a frilled lizard.

Vanquished Creatures
  3 hobgoblins (D:2)
3 creatures vanquished.

Notes
Turn   | Place    | Note
-------+----------+-------------------------------------------
     0 | D:1      | glosham the Hill Orc Artificer began the quest for the Orb.
     0 | D:1      | Reached XP level 1. HP: 16/16 MP: 3/3
    65 | D:2      | Reached skill level 2 in Fighting
   111 | D:2      | Slain by a quokka

Skill      XL: |  1 |
---------------+----+-----
Fighting       | 2 |  2.0
Short Blades   | |  1.0
Dodging        | |  1.5
Stealth        | |  0.7
Evocations     | |  3.0

Action                   || total
-------------------------++-------
Melee: Trident           ||    13
Armor: Leather armour    ||     2
Dodge: Dodged            ||     9

Table legend:
 A = Turns spent in this place as a percentage of turns spent in the entire game.
 B = Non-inter-level travel turns spent in this place as a percentage of non-inter-level travel turns spent in the entire game.
 C = Inter-level travel turns spent in this place as a percentage of turns spent in this place.
 D = Turns resting spent in this place as a percentage of non-inter-level travel turns spent in this place.
 E = Turns spent auto-exploring this place as a percentage of non-inter-level travel turns spent in this place.
 F = Non-inter-level travel turns spent in this place divided by the number of levels of this place that you've seen.
                   A       B       C       D       E      F
               +-------+-------+-------+-------+-------+----------------------
         Total | 100.0 | 100.0 |   0.0 |   0.0 |   0.0 |  55.5
       Dungeon | 100.0 | 100.0 |   0.0 |   0.0 |   0.0 |  55.5
               +-------+-------+-------+-------+-------+----------------------

Table legend:
 A = Kills in this place as a percentage of kills in entire the game.
 B = Kills by you in this place as a percentage of kills by you in the entire game.
 C = Kills by friends in this place as a percentage of kills by friends in the entire game.
 D = Other kills in this place as a percentage of other kills in the entire game.
 E = Experience gained in this place as a percentage of experience gained in the entire game.
 F = Experience gained in this place divided by the number of levels of this place that you have seen.
                   A       B       C       D       E      F
               +-------+-------+-------+-------+-------+----------------------
         Total | 100.0 | 100.0 |   N/A |   N/A | 100.0 |   3.0
       Dungeon | 100.0 | 100.0 |   N/A |   N/A | 100.0 |   3.0
               +-------+-------+-------+-------+-------+----------------------

Vault maps used:
D:1:      scummos_arrival_checkerplants, feat_on_display
D:2:      old_standard_altar, serial_curves, eino_curves_01, eino_curves_02,
          first_ration
